 Dungeon Crawl Stone Soup version 0.31-a0-940-gdaa99269f9 (webtiles) character file.

Game seed: 8872556439400505994

63 Naiya55 the Chiller (level 4, -2/36 HPs)
             Began as a Naga Ice Elementalist on Oct 21, 2023.
             Slain by a phantom (6 damage)
             ... on level 3 of the Dungeon.
             The game lasted 00:02:41 (1278 turns).

Naiya55 the Chiller (Naga Ice Elementalist)         Turns: 1278, Time: 00:02:41

Health: -2/36      AC:  6    Str: 11    XL:     4   Next: 10%
Magic:  3/7        EV:  9    Int: 17    God:
Gold:   79         SH:  0    Dex: 11    Spells: 3/7 levels left

rFire   . . .        d - +0 whip
rCold   . . .        (no shield)
rNeg    . . .        a - +0 robe
rPois   +            (no helmet)
rElec   .            (no cloak)
rCorr   .            (no gloves)
SInv    +            (no barding)
Will    .....        (no amulet)
Stlth   ++           g - +4 ring of protection
HPRegen 0.26/turn    (no ring)
MPRegen 0.10/turn

%: no passive effects
@: very slow
A: AC +1, large, see invisible, deformed body, poison resistance, slowness 2,
spit poison 1, naga tail 1
a: Spit Poison


You were on level 3 of the Dungeon.
You visited 1 branch of the dungeon, and saw 3 of its levels.

You collected 79 gold pieces.

Inventory:

Hand Weapons
 d - a +0 whip (weapon)
Armour
 a - a +0 robe (worn)
Jewellery
 g - a +4 ring of protection (left hand)
Scrolls
 c - a scroll of enchant weapon {unknown}
 f - a scroll of identify {unknown}
Potions
 b - a potion of magic
 e - a potion of heal wounds {unknown}
 h - a potion of attraction {unknown}
 i - a potion of mutation {unknown}


   Skills:
 - Level 1.5 Dodging
 - Level 3.0 Stealth
 - Level 2.0 Spellcasting
 + Level 5.5 Ice Magic


You had 3 spell levels left.
You knew the following spells:

 Your Spells              Type           Power      Damage    Failure   Level
a - Freeze                Ice            80%        1d9       1%          1
b - Frozen Ramparts       Ice            40%        1d7       6%          3

Your spell library contained the following spells:

 Spells                   Type           Power      Damage    Failure   Level
 Ozocubu's Armour         Ice            20%        N/A       6%          3
 Magic Dart               Conj           4%         1d3       19%         1
 Call Imp                 Summ           2%         N/A       28%         2
 Lesser Beckoning         Tloc           2%         N/A       28%         2
 Gell's Gravitas          Tloc           1%         N/A       50%         3
 Inner Flame              Hex/Fire       1%         N/A       50%         3
 Mephitic Cloud           Conj/Pois/Air  1%         N/A       50%         3
 Teleport Other           Tloc           1%         N/A       50%         3
 Summon Ice Beast         Ice/Summ       11%        N/A       52%         4
 Yara's Violent Unravell  Hex/Tmut       0%         3d3       99%         5
 Enfeeble                 Hex            0%         N/A       100%        7


Dungeon Overview and Level Annotations

Branches:
Dungeon (3/15)

Altars:

Shops:
D:1 !


Innate Abilities, Weirdness & Mutations

Your serpentine skin is tough. (AC +1)
You have supernaturally acute eyesight. (SInv)
Armour fits poorly on your strangely shaped body.
Your system is resistant to poisons. (rPois)
You cover ground very slowly.
You can spit poison.
You have a snake-like lower body.


Message History

There is a stone staircase leading down here.
The phantom completely misses you.
You climb downwards.
Found 2 stones, 7 gold pieces and a book of Misfortune.
There is a stone staircase leading up here.
The phantom hits you.
The phantom blinks!
You blink.
You stop ascending the stairs.
A rat comes into view.
You see here a book of Misfortune.
You pick up a book of Misfortune and begin reading...
You add the spells Inner Flame, Yara's Violent Unravelling and Enfeeble to your library.
The phantom hits you.
The phantom blinks!
You blink.
The phantom barely misses you. The rat bites you.
The rat attacks as it pursues you! The rat bites you. The phantom hits you.
The phantom blinks!
You blink.
The phantom attacks as it pursues you!
The phantom hits you but does no damage.
The rat misses you.
You hit the rat.
The rat is severely wounded.
The phantom misses you. The rat bites you.
Casting: Freeze (safe; 1% risk of failure)
Confirm with . or Enter, or press ? or * to list all spells.
Aiming: Freeze (safe; 1% risk of failure)
Press: ? - help, Shift-Dir - straight line, f - phantom
Aim: a phantom You freeze the phantom but do no damage.
The phantom completely resists.
The phantom hits you but does no damage.
The rat barely misses you.
You hit the rat.
You kill the rat!
The phantom hits you.
* * * LOW HITPOINT WARNING * * *
The phantom blinks!
You blink.
The phantom closely misses you. The phantom attacks as it pursues you!
The phantom hits you.
* * * LOW HITPOINT WARNING * * *
The phantom hits you.
You die...

.##.#######
..........#
#.......#
##.......#
#......†.#
#........#
##........#
..........W.#
#######...@.#
#.###.#
#.###.#####.#
#.....<(....#
#.###.#######
.. #.# #.#
.## #


You could see a phantom.

Vanquished Creatures
  2 adders (D:2)
  A dart slug (D:1)
  2 ball pythons (D:1)
  5 bats (D:1)
  4 endoplasms (D:1)
  A giant cockroach (D:1)
  A goblin (D:2)
  3 hobgoblins
  8 jackals
  2 quokkas (D:1)
  4 frilled lizards (D:1)
  A kobold (D:1)
  4 rats
38 creatures vanquished.

Notes
Turn   | Place    | Note
-------+----------+-------------------------------------------
     0 | D:1      | Naiya55 the Naga Ice Elementalist began the quest for the
                  | Orb.
     0 | D:1      | Reached XP level 1. HP: 15/15 MP: 3/3
   124 | D:1      | Reached XP level 2. HP: 20/22 MP: 3/5
   185 | D:1      | Found Weptuzu's Distillery.
   503 | D:1      | Reached XP level 3. HP: 23/28 MP: 2/6
   507 | D:1      | Learned a level 3 spell: Frozen Ramparts
   568 | D:1      | Reached skill level 5 in Ice Magic
  1089 | D:2      | Reached XP level 4. HP: 33/36 MP: 4/7
  1208 | D:2      | Noticed a phantom
  1278 | D:3      | Slain by a phantom

Illustrated notes

Levels and vault maps discovered:
D:1:      saegor_arrival_under_anarchy, layout_loops_ring, serial_shops,
          nicolae_shop_real_fake_doors, minmay_surrounded
D:2:      layout_basic, eino_tiny_chamber
D:3:      layout_loops_cross, makhleb_altar_promises_db,
          nicolae_kikubaaqudgha_miasma_corner, uniq_natasha

Skill      XL: |  1  2  3 |
---------------+----------+-----
Ice Magic      | 5 |  5.5
Dodging        | |  1.5
Stealth        | |  3.0
Spellcasting   | |  2.0

Action                     |  1- 3 |  4- 6 || total
---------------------------+-------+-------++-------
  Melee: Unarmed           |     8 |       ||     8
         Whip              |    22 |    18 ||    40
   Cast: Freeze            |    39 |    15 ||    54
Ability: Spit Poison       |     3 |     2 ||     5
 Armour: Robe              |    58 |    37 ||    95
  Dodge: Dodged            |    26 |    26 ||    52

Table legend: (Time is in decaauts)
 A = Elapsed time spent in this place.
 B = Non-inter-level travel time spent in this place.
 C = Inter-level travel time spent in this place.
 D = Time resting spent in this place.
 E = Time spent auto-exploring this place.
 F = Levels seen in this place.
 G = Mean time per level.
                   A        B        C        D        E       F      G
               +--------+--------+--------+--------+--------+-----+--------+
         Total |   1559 |   1531 |     28 |     52 |   1135 |   3 |  519.7 |
       Dungeon |   1559 |   1531 |     28 |     52 |   1135 |   3 |  519.7 |
               +--------+--------+--------+--------+--------+-----+--------+

Top non-repeatable levels by time:
     D:1: 1275 daAuts
     D:2: 265 daAuts
     D:3: 18 daAuts
